 Dungeon Crawl Stone Soup version 0.18-a0-837-gd08d4d7 (webtiles) character file.

14 Oddball22 the Caller (level 2, 0/19 HPs)
             Began as a Demonspawn Summoner on Dec 18, 2015.
             Slain by a kobold
             ... wielding a +2 short sword of freezing
              (2 damage)
             ... on level 1 of the Dungeon.
             The game lasted 00:02:29 (1109 turns).

Oddball22 the Caller (Demonspawn Summoner)          Turns: 1109, Time: 00:02:29

Health: 0/19       AC:  2    Str:  8    XL:     2   Next: 31%
Magic:  5/5        EV: 12    Int: 16    God:
Gold:   95         SH:  0    Dex: 13    Spells: 1 memorised, 4 levels left

rFire  . . .     SeeInvis .     l - -3 spear (curse)
rCold  . . .     Gourm    .     a - +0 robe
rNeg   . . .     Faith    .     (no shield)
rPois  .         Spirit   .     (helmet restricted)
rElec  .         Dismiss  .     (no cloak)
rCorr  .         Reflect  .     (no gloves)
SustAt .         Harm     .     (no boots)
MR     .....                    (no amulet)
Stlth  ++........               (no ring)
                                (no ring)

@: not resistant to hostile enchantments, unstealthy
A: antennae 1
a: no special abilities


You were on level 1 of the Dungeon.
You were not hungry.

You visited 1 branch of the dungeon, and saw 1 of its levels.

You collected 95 gold pieces.

Inventory:

Hand Weapons
 e - a +0 club
 l - a cursed -3 spear (weapon)
Armour
 a - a +0 robe (worn)
Jewellery
 h - an uncursed ring of protection from fire {unknown}
Scrolls
 f - a scroll of teleportation {unknown}
 i - a scroll of amnesia {unknown}
 j - a scroll of fog {unknown}
 k - a scroll of identify {unknown}
Potions
 d - a potion of brilliance {unknown}
Books
 b - a book of Callings

   Spells                             Type                      Level
   a - Summon Small Mammal            Summoning                    1
   b - Call Imp                       Summoning                    2
   c - Call Canine Familiar           Summoning                    3
   d - Summon Guardian Golem          Hexes/Summoning              3
   e - Summon Lightning Spire         Summoning/Air                4
   f - Summon Ice Beast               Ice/Summoning                4
Comestibles
 c - a bread ration
 g - 2 meat rations
 m - 3 chunks of flesh


   Skills:
 + Level 0.2 Fighting
 + Level 2.0 Dodging
 - Level 1.7 Stealth
 - Level 2.0 Spellcasting
 * Level 4.4 Summonings


You had 4 spell levels left.
You knew the following spells:

 Your Spells              Type           Power        Failure   Level  Hunger
a - Summon Small Mammal   Summ           ###.         4%          1    #......


Dungeon Overview and Level Annotations

Branches:
Dungeon (1/15)

Altars:


Innate Abilities, Weirdness & Mutations

You have a pair of small antennae on your head.


Message History

You closely miss the kobold.
The kobold is moderately wounded.
Your bat closely misses the kobold.
The kobold misses you.
You hit the kobold but do no damage.
The kobold is moderately wounded.
Your bat hits the kobold but does no damage.
The kobold closely misses you.
You barely miss the kobold.
The kobold is moderately wounded.
Your bat closely misses the kobold.
Your bat barely misses the kobold.
The kobold hits you with a short sword of freezing.
* * * LOW HITPOINT WARNING * * *
The kobold freezes you.
* * * LOW HITPOINT WARNING * * *
The kobold misses you.
You completely miss the kobold.
The kobold is moderately wounded.
Your bat closely misses the kobold.
The kobold hits you with a short sword of freezing.
You die...

'..........#
#.........######### .#
#.####..............#..#
#.# ##..#.#########.#..#
#.# #..................#
#.# #..................#
#.# #.....########.b...#
#.# #...#.##.....K....?#
#.# #...#.......@.....#
..###...#.##.###.##..##
#.......#.##.# #(# #
#####...#.##.# #)#
#####...#.##.# #.#
.............# #.#
#####.......## #..
........#.## #.#
######..#.# #.#


You could see a kobold and a friendly bat.

Vanquished Creatures
  A giant cockroach (D:1)
  2 hobgoblins (D:1)
  3 kobolds (D:1)
  3 bats (D:1)
  2 goblins (D:1)
11 creatures vanquished.

Vanquished Creatures (collateral kills)
  A worm (D:1)
  A rat (D:1)
2 creatures vanquished.

Grand Total: 13 creatures vanquished

Notes
Turn   | Place    | Note
--------------------------------------------------------------
     0 | D:1      | Oddball22 the Demonspawn Summoner began the quest for the Orb.
     0 | D:1      | Reached XP level 1. HP: 13/13 MP: 3/3
   696 | D:1      | Gained mutation: You have a pair of small antennae on your head. [demonic ancestry]
   696 | D:1      | Reached XP level 2. HP: 19/19 MP: 3/5
  1109 | D:1      | Slain by a kobold

Vault maps used:
D:1:      roderic_dead_forest, minivault_14, minmay_misc_feat_cross

Action                   || total
-------------------------++-------
Melee: Club              ||    27
       Unarmed           ||    23
       Spear             ||    49
 Cast: Summon Small Mamm ||     9
 Stab: Sleeping          ||     1
  Eat: Chunk             ||     1
